 Dungeon Crawl Stone Soup version 0.30.1-9-gdf580d7c3d (webtiles) character file.

Game seed: 4313007634113677500

1564 Wiggles the Cleaver (level 8, -7/70 HPs)
             Began as a Minotaur Berserker on Oct 3, 2023.
             Was a Priest of Trog.
             Succumbed to a kobold's poison
             ... on level 5 of the Dungeon.
             The game lasted 00:06:01 (4094 turns).

Wiggles the Cleaver (Minotaur Berserker)            Turns: 4094, Time: 00:06:01

Health: -7/70      AC: 21    Str: 30    XL:     8   Next: 58%
Magic:  7/7        EV:  8    Int:  4    God:    Trog [***...]
Gold:   269        SH:  0    Dex: 10    Spells: 7/7 levels left

rFire   . . .        b - +0 war axe
rCold   . . .        (no shield)
rNeg    . . .        t - +0 plate armour
rPois   .            (helmet restricted)
rElec   .            s - +0 cloak
rCorr   .            D - +0 pair of gloves
SInv    .            A - +0 pair of boots
Will    .....        (no amulet) Stlth
                     e - +4 ring of protection
HPRegen 0.31/turn    n - +6 ring of strength
MPRegen 0.10/turn

%: no passive effects
@: lethally poisoned (-7 -> -37), on berserk cooldown, slowed, very slow
A: horns 2, retaliatory headbutt
a: Renounce Religion, Berserk, Trog's Hand


You were on level 5 of the Dungeon.
You worshipped Trog.
Trog was most pleased with you.
You visited 1 branch of the dungeon, and saw 5 of its levels.

You collected 269 gold pieces.

Inventory:

Hand Weapons
 b - a +0 war axe (weapon)
Missiles
 y - 2 throwing nets (quivered)
Armour
 s - a +0 cloak (worn)
 t - a +0 plate armour (worn)
 A - a +0 pair of boots (worn)
 D - a +0 pair of gloves (worn)
Jewellery
 e - a +4 ring of protection (left hand)
 n - a +6 ring of strength (right hand)
Scrolls
 c - 2 scrolls of poison {unknown}
 f - a scroll of fog {unknown}
 g - 2 scrolls of amnesia {unknown}
 h - 2 scrolls of fear {unknown}
 i - 2 scrolls of butterflies {unknown}
 k - 7 scrolls of identify {unknown}
 m - 2 scrolls of teleportation {unknown}
 p - a scroll of acquirement {unknown}
 q - a scroll of magic mapping {unknown}
 x - a scroll of vulnerability {unknown}
 B - a scroll of blinking {unknown}
Potions
 a - 2 potions of curing {unknown}
 d - 4 potions of attraction {unknown}
 j - 2 potions of heal wounds {unknown}
 l - a potion of haste {unknown}
 o - 3 potions of lignification {unknown}
 r - a potion of cancellation {unknown}
 u - a potion of mutation {unknown}
 v - a potion of ambrosia {unknown}
 w - a potion of brilliance {unknown}
 z - a potion of flight {unknown}
 C - a potion of degeneration {unknown}


   Skills:
 + Level 6.3 Fighting
 + Level 9.7 Axes
 + Level 7.3 Armour
 + Level 3.0 Dodging
 + Level 1.5 Stealth


You had 7 spell levels left.
You didn't know any spells.
Your spell library was empty.

Dungeon Overview and Level Annotations

Branches:
Dungeon (5/15)
 Temple: D:4-7

Altars:
Vehumet
Wu Jian
The Shining One

Annotations:
D:5 Grorgnorb's ghost, novice DECA


Innate Abilities, Weirdness & Mutations

You have a pair of horns on your head.
You reflexively headbutt those who attack you in melee.


Message History

You hit the kobold brigand.
The kobold brigand is moderately wounded.
You hit Grorgnorb's ghost but do no damage.
You feel sick.
Grorgnorb's ghost hits you but does no damage.
The kobold brigand closely misses you. You furiously retaliate!
You headbutt the kobold brigand.
Grorgnorb's ghost hits you but does no damage.
The kobold brigand hits you but does no damage.
You closely miss the kobold brigand.
The kobold brigand is heavily wounded.
You slash the kobold!
You kill the kobold!
Trog accepts your kill.
You slash Grorgnorb's ghost!
You feel sick.
Grorgnorb's ghost hits you but does no damage.
The kobold brigand hits you but does no damage.
You blink.
The kobold attacks as you move away! The kobold hits you but does no damage.
You are more poisoned.
You feel very sick.
Grorgnorb's ghost shouts, "What do you have that I didn't have?"
You feel sick. The kobold misses you. You furiously retaliate!
You headbutt the kobold, but do no damage.
The kobold hits you but does no damage.
You are lethally poisoned!
You hit the kobold.
You kill the kobold!
Trog accepts your kill.
You hit the kobold. You barely miss the kobold brigand.
* * * LOW HITPOINT WARNING * * *
You feel very sick. The kobold hits you but does no damage.
You are more poisoned.
The kobold throws a poisoned dart.
The poisoned dart closely misses you. The kobold brigand barely misses you.
You furiously retaliate!
You headbutt the kobold brigand, but do no damage.
The kobold hits you but does no damage.
You are more poisoned.
You barely miss the kobold. x2; You hit the kobold brigand.
You die...

#...........#####............
#..........##)$.##........_8_
#.........##...).##........_.
#.........#~.#.#.~#..........
#.........#⌠.#.#K⌠#..###.#...
#.........#~.#K#.~#..##......
#.........##.W...##..##.##.#.
##########.##K)'##...#....)#.
#..@KK......#..##...
###########K##.####..#.......
#.......# #.##.##.......##...
#.(.....# #..........#..###..
#.......# #######.#.....###..
#.......# #####<#.......(..
#.......# #................
#.....))# #.###.#.#######'.
####......)#####.#
#....#≈≈≈≈≈#.


You could see a kobold brigand, Grorgnorb's ghost (swift) and 4 kobolds.

Vanquished Creatures
  Pikel (D:4)
  Sigmund (D:5)
  An ice beast (D:3)
  2 ogres
  2 phantoms (D:5)
  3 orc priests
  3 hounds
  Jessica (D:3)
  3 iguanas
  4 orc wizards (D:4)
  11 gnolls
  3 adders
  A shadow imp (D:5)
  A worm (D:2)
  4 orcs
  A bat (D:3)
  4 endoplasms
  3 giant cockroaches
  7 goblins
  2 hobgoblins (D:1)
  12 jackals
  2 quokkas
  6 ball pythons
  3 frilled lizards (D:1)
  10 kobolds
  3 rats (D:1)
94 creatures vanquished.

Notes
Turn   | Place    | Note
-------+----------+-------------------------------------------
     0 | D:1      | Wiggles the Minotaur Berserker began the quest for the Orb.
     0 | D:1      | Reached XP level 1. HP: 19/19 MP: 0/0
    77 | D:1      | Reached XP level 2. HP: 20/27 MP: 1/1
   224 | D:1      | Reached skill level 4 in Axes
   566 | D:1      | Reached ** piety under Trog
   626 | D:2      | Reached XP level 3. HP: 30/33 MP: 2/2
  1348 | D:3      | Noticed an ice beast
  1355 | D:3      | Killed an ice beast
  1356 | D:3      | Reached skill level 5 in Axes
  1356 | D:3      | Reached XP level 4. HP: 41/41 MP: 3/3
  1356 | D:3      | Reached XP level 5. HP: 47/47 MP: 4/4
  1472 | D:3      | Noticed Jessica
  1479 | D:3      | Killed Jessica
  1562 | D:3      | Found a faded altar of an unknown god.
  1809 | D:3      | Reached skill level 6 in Axes
  2050 | D:4      | Noticed a lemure
  2051 | D:4      | Noticed a lemure
  2051 | D:4      | Noticed a lemure
  2051 | D:4      | Noticed Pikel
  2053 | D:4      | Noticed a lemure
  2062 | D:4      | Killed Pikel
  2063 | D:4      | Reached skill level 5 in Fighting
  2063 | D:4      | Reached skill level 7 in Axes
  2063 | D:4      | Reached skill level 5 in Armour
  2063 | D:4      | Reached skill level 1 in Stealth
  2063 | D:4      | Reached XP level 6. HP: 56/56 MP: 5/5
  2063 | D:4      | Reached XP level 7. HP: 61/61 MP: 6/6
  2176 | D:4      | Reached skill level 8 in Axes
  2872 | D:4      | Reached XP level 8. HP: 57/69 MP: 7/7
  3092 | D:5      | Entered Level 5 of the Dungeon
  3137 | D:5      | Reached skill level 9 in Axes
  3248 | D:5      | Noticed Sigmund
  3257 | D:5      | Killed Sigmund
  3302 | D:5      | Reached *** piety under Trog
  3547 | D:5      | Found a radiant altar of Vehumet.
  3547 | D:5      | Found a glowing golden altar of the Shining One.
  3552 | D:5      | Found an ornate altar of the Wu Jian Council.
  3703 | D:5      | Found a runed translucent gate.
  3703 | D:5      | Found a runed translucent gate.
  3703 | D:5      | Found a runed translucent gate.
  3703 | D:5      | Noticed Grorgnorb's ghost (novice DECA)
  4093 | D:5      | HP: 3/70 [poisoned by a kobold]
  4094 | D:5      | Succumbed to a kobold's poison

Illustrated notes

Levels and vault maps discovered:
D:1:      dpeg_arrival_refuge, layout_basic
D:2:      layout_basic, roderic_malta_cross, minmay_box_of_dots
D:3:      layout_basic, chequers_ecumenical_altar_island, minmay_misc_feat_rows,
          uniq_jessica
D:4:      layout_loops_ring, kennysheep_generic_room_6, uniq_pikel
D:5:      lemuel_ice_spiral_2, layout_basic,
          chequers_temple_overflow_statue_of_worship, serial_rivers,
          chequers_serial_rivers_large_b, chequers_serial_rivers_small_3,
          chequers_serial_rivers_room_a, chequers_serial_rivers_large_a,
          chequers_serial_rivers_micro_c, chequers_serial_rivers_small_b,
          gammafunk_ghost_nasty_kobolds, hex_medium, uniq_sigmund

Skill      XL: |  1  2  3  4  5  6  7  8 |
---------------+-------------------------+-----
Fighting       | 4 5 6 |  6.3
Axes           | 4 5 7 8 9 |  9.7
Armour         | 3 5 6 7 |  7.3
Stealth        | 1 |  1.5
Dodging        | 3 |  3.0

Action                     |  1- 3 |  4- 6 |  7- 9 || total
---------------------------+-------+-------+-------++-------
  Melee: Hand axe          |     8 |       |       ||     8
         War axe           |    59 |    26 |    98 ||   183
         Headbutt          |     4 |     3 |    17 ||    24
         Punch             |       |     1 |       ||     1
 Invoke: Berserk           |     1 |     1 |     3 ||     5
 Armour: Leather armour    |     3 |       |       ||     3
         Ring mail         |    20 |       |       ||    20
         Plate armour      |       |    11 |    70 ||    81
         Chain mail        |       |     5 |       ||     5
  Dodge: Dodged            |    52 |    12 |    36 ||   100
